 Dungeon Crawl Stone Soup version 0.27.1-4-g1640c2035a (webtiles) character file.

Game seed: 2526144739925485580

6400 MisterFreud the Covered (level 10, -3/74 (79) HPs)
             Began as a Gnoll Wanderer on Nov 6, 2021.
             Was an Elder of Yredelemnul.
             Killed by vampiric draining
             ... invoked by Josephine
              (21 damage)
             ... on level 10 of the Dungeon.
             The game lasted 00:22:58 (13230 turns).

MisterFreud the Covered (Gnoll Wanderer)           Turns: 13230, Time: 00:22:59

HP:   -3/74 (79)    AC: 15    Str: 11    XL:     10   Next: 98%
MP:   18/18         EV: 16    Int: 15    God:    Yredelemnul [****..]
Gold: 511           SH:  5    Dex: 12    Spells: 20/20 levels left

rFire    . . .     SeeInvis .   z - +2 whip (drain)
rCold    . . .     Faith    .   y - +0 buckler
rNeg     . . .     Spirit   .   b - +0 ring mail
rPois    .         Reflect  .   O - +2 helmet "Esifuf" {rElec rCorr Slay+2}
rElec    +         Harm     .   o - scarf {+Inv}
rCorr    +         Rampage  .   (no gloves)
Will     .....                  F - +0 pair of boots
Stlth    ++........             L - amulet of the acrobat
HPRegen  0.22/turn              n - +4 ring of protection
MPRegen  0.16/turn              v - +4 ring of evasion

@: drained
A: fangs 1, strong nose, distributed training
a: Renounce Religion, Evoke Invisibility, Recall Undead Slaves, Injury Mirror,
Animate Dead, Drain Life


You were on level 10 of the Dungeon.
You worshipped Yredelemnul.
Yredelemnul was greatly pleased with you.
You visited 1 branch of the dungeon, and saw 10 of its levels.

You collected 511 gold pieces.

Inventory:

Hand Weapons
 w - a +1 shortbow of freezing
 z - a +2 whip of draining (weapon)
 G - a +3 hand axe
 H - a +3 scimitar
Missiles
 a - 22 boomerangs
 g - 7 silver boomerangs
 l - 16 poisoned darts (quivered)
 q - 8 atropa-tipped darts
 s - a throwing net
 I - 3 curare-tipped darts
Armour
 b - a +0 ring mail (worn)
 d - a +0 kite shield
 o - a scarf of invisibility (worn)
 y - a +0 buckler (worn)
 F - a +0 pair of boots (worn)
 O - the +2 helmet "Esifuf" (worn) {rElec rCorr Slay+2}
   (You found it on level 9 of the Dungeon)

   Slay:      It affects your accuracy & damage with ranged weapons and melee
   (+2).
   rElec:     It insulates you from electricity.
   rCorr:     It protects you from acid and corrosion.
Jewellery
 i - a ring of magical power
 n - a +4 ring of protection (left hand)
 u - a ring of flight
 v - a +4 ring of evasion (right hand)
 J - the ring of Hef Pisa {rC+ Will+ Int+3}
   (You found it on level 7 of the Dungeon)

   [ring of protection from cold]

   Int:       It affects your intelligence (+3).
   rC:        It protects you from cold.
   Will:      It increases your willpower.
 K - a ring of magical power
 L - an amulet of the acrobat (around neck)
 M - a ring of wizardry
Wands
 k - a wand of mindburst (16)
 B - a wand of flame (32)
Scrolls
 e - a scroll of enchant weapon
 f - a scroll of enchant armour
 p - a scroll of fog
 r - a scroll of amnesia
 t - 3 scrolls of teleportation {unknown}
 x - 2 scrolls of immolation
 C - a scroll of torment {unknown}
 D - 3 scrolls of identify
Potions
 c - 3 potions of lignification
 h - a potion of haste
 j - 2 potions of mutation {unknown}
 m - 5 potions of curing
 A - 3 potions of heal wounds
 E - a potion of degeneration {unknown}
 N - 2 potions of attraction {unknown}


   Skills:
 + Level 7.4 Fighting
 + Level 5.8 Short Blades
 + Level 5.8 Long Blades
 + Level 5.8 Axes
 + Level 7.4 Maces & Flails
 + Level 5.8 Polearms
 + Level 7.4 Staves
 + Level 5.8 Slings
 + Level 5.8 Bows
 + Level 5.8 Crossbows
 + Level 5.8 Throwing
 + Level 7.4 Armour
 + Level 5.8 Dodging
 + Level 5.8 Stealth
 + Level 6.4 Shields
 + Level 5.8 Unarmed Combat
 + Level 5.8 Spellcasting
 + Level 4.7 Conjurations
 + Level 4.7 Hexes
 + Level 4.7 Summonings
 + Level 4.7 Necromancy
 + Level 4.7 Translocations
 + Level 4.7 Transmutations
 + Level 4.7 Fire Magic
 + Level 4.7 Ice Magic
 + Level 4.7 Air Magic
 + Level 4.7 Earth Magic
 + Level 4.7 Poison Magic
 + Level 6.3 Invocations
 + Level 6.4 Evocations


You had 20 spell levels left.
You didn't know any spells.
Your spell library contained the following spells:

 Spells                   Type           Power      Damage    Failure   Level
 Animate Skeleton         Necr           36%        N/A       4%          1
 Pain                     Necr           72%        1d7       4%          1
 Summon Small Mammal      Summ           72%        N/A       4%          1
 Corpse Rot               Necr/Air       N/A        N/A       7%          2
 Ensorcelled Hibernation  Hex/Ice        36%        N/A       7%          2
 Slow                     Hex            18%        N/A       7%          2
 Call Canine Familiar     Summ           18%        N/A       14%         3
 Confusing Touch          Hex            18%        N/A       14%         3
 Spider Form              Tmut/Pois      9%         N/A       14%         3
 Summon Guardian Golem    Hex/Summ       18%        N/A       14%         3
 Vampiric Draining        Necr           9%         2d7       14%         3
 Animate Dead             Necr           9%         N/A       41%         4
 Dispel Undead            Necr           18%        3d11      41%         4
 Yara's Violent Unravell  Hex/Tmut       9%         3d6       77%         5
 Death Channel            Necr           9%         N/A       100%        6
 Shadow Creatures         Summ           N/A        N/A       100%        6
 Haunt                    Necr/Summ      9%         N/A       100%        7
 Infestation              Necr           9%         N/A       100%        8


Dungeon Overview and Level Annotations

Branches:
Dungeon (10/15)            Temple (0/1) D:4             Orc (0/2) D:10
   Lair: D:8-11

Altars:
Ashenzari
Elyvilon
Fedhas
Gozag
Makhleb
Nemelex Xobeh
Uskayaw
Wu Jian
Xom
Yredelemnul
The Shining One

Shops:
D:1 (

Annotations:
D:6 1 runed translucent door, PanSaczeczos's ghost, novice DrAK
D:10 Josephine


Innate Abilities, Weirdness & Mutations

You have very sharp teeth.
Your uncanny sense of smell can sniff out nearby items.
Your experience applies equally to all skills.


Message History

Your orc warrior zombie closely misses Josephine.
Josephine hits your orc warrior zombie but does no damage.
Josephine hits your orc warrior zombie with a +0 dagger!
Your orc warrior zombie is destroyed!
Josephine grinds her teeth.
Josephine hits your orc zombie with a +0 dagger!
Your orc zombie is destroyed!
A wight comes into view.
It is wielding a +0 spear and carrying a wand of mindburst (7).
Josephine points at you and mumbles some strange words.
The ghostly flame explodes!
The ghostly fireball engulfs you!!
You feel drained.
You closely miss Josephine.
Josephine is heavily wounded.
Josephine hits you with a +0 dagger!
The wight zaps a wand.
You struggle to resist.
You hit Josephine.
Josephine is heavily wounded.
Josephine closely misses you.
You hit Josephine but do no damage.
Josephine is heavily wounded.
Josephine hits you but does no damage.
You hit Josephine.
Josephine is severely wounded.
The wight zaps a wand.
Your mind is blasted!
You closely miss Josephine.
Josephine is severely wounded.
Josephine gestures at you while chanting.
The ghostly flame explodes!
The ghostly fireball engulfs you.
You feel drained.
* * * LOW HITPOINT WARNING * * *
The ghostly fireball engulfs Josephine.
Josephine completely resists.
The wight misses you.
Unknown command.
Unknown command.
Unknown command.
Aiming: Mindburst
Press: ? - help, Shift-Dir - straight line, f - Josephine
Aim: Josephine, wielding a +0 dagger and wearing a +2 robe of cold resistance (severely wounded, very poisoned, chance to affect: 56%) Josephine's mind is blasted!
Josephine draws life force from you!!
You die...
Your body rises from the dead as a mindless zombie.

#..#.#.#.#.#.#.#.#..#
#.[#.#.#.#.#.#.#.#..#
#.###W###.###.###.###
#W# ### ### ### ### #..
... #... #.# #..... #z#
#
#.......#####.#####.##
#....W.WzzWW@@.......##
.....#######.......#
... #.######. . ∆ #.#
#####.# #.....# #.#
#.....# #.# #.....# #.#
#.....# #####.##


You could see Josephine (very poisoned), 3 wraiths and 3 wights.

Vanquished Creatures
  A manticore (D:7)
  A kobold demonologist (D:10)
  A komodo dragon (D:9)
  Prince Ribbit (D:7)
  A steam dragon (D:8)
  A wyvern (D:7)
  A vampire mosquito (D:9)
  3 water moccasins
  3 ice beasts
  3 sky beasts
  4 orc warriors
  An ogre (D:6)
  3 necrophages
  4 centaurs
  2 kobold brigands
  A bullfrog (D:7)
  Blork the orc (D:4)
  3 scorpions
  2 water moccasin skeletons
  4 killer bees (D:8)
  4 wights
  2 howler monkeys (D:7)
  6 bullfrog zombies (D:5)
  3 centaur zombies
  4 orc priests
  A hound (D:5)
  A gnoll shaman (D:6)
  A jelly (D:6)
  3 centaur skeletons
  4 scorpion zombies (D:5)
  6 orc wizards
  3 hound zombies (D:5)
  A hound skeleton (D:5)
  A howler monkey zombie (D:6)
  12 gnolls
  5 adders
  A shadow imp (D:7)
  An adder skeleton (D:5)
  7 worms
  2 dart slugs
  28 orcs
  4 bats
  An endoplasm (D:1)
  3 giant cockroaches
  8 goblins
  3 hobgoblins
  4 ball pythons
  A frilled lizard (D:1)
  12 kobolds
  2 rats
175 creatures vanquished.

Vanquished Creatures (collateral kills)
  A shadow (D:9)
  A wraith (D:9)
  3 vampire mosquitoes (D:9)
  2 orc warriors
  A black bear (D:4)
  A sky beast (D:8)
  A centaur (D:8)
  A kobold brigand (D:7)
  A wyvern skeleton (D:7)
  A centaur zombie (D:9)
  An orc wizard (D:10)
  A howler monkey zombie (D:6)
  An adder skeleton (D:4)
  4 orcs
  An endoplasm (D:4)
  2 goblins (D:9)
  A hobgoblin (D:4)
  6 kobolds
30 creatures vanquished.

Vanquished Creatures (others)
  An orc wizard (D:3)
  A vampire mosquito zombie (D:9)
  A water moccasin zombie (D:5)
  2 kobold zombies (D:7)
  A ball python zombie (D:4)
  3 centaur zombies
  A gnoll zombie (D:5)
  A howler monkey zombie (D:7)
  A kobold (D:3)
  16 orc zombies
  A rat zombie (D:7)
  A worm zombie (D:5)
  A plant (D:7)
  4 withered plants (D:5)
35 creatures vanquished.

Grand Total: 240 creatures vanquished

Notes
Turn   | Place    | Note
-------+----------+-------------------------------------------
     0 | D:1      | MisterFreud the Gnoll Wanderer began the quest for the Orb.
     0 | D:1      | MisterFreud set off with the following items: a +0 dagger,
                  | a +0 ring mail, a potion of lignification, a +0 kite shield
     0 | D:1      | Reached XP level 1. HP: 20/20 MP: 1/1
   358 | D:1      | Reached XP level 2. HP: 26/26 MP: 2/2
   541 | D:1      | Found Cail Neu's Antique Weapon Boutique.
  1144 | D:2      | Reached XP level 3. HP: 23/31 MP: 3/3
  1284 | D:2      | Found a faded altar of an unknown god.
  1350 | D:2      | Became a worshipper of Yredelemnul the Dark
  1350 | D:2      | Reached * piety under Yredelemnul
  1726 | D:2      | Reached skill level 1 in Invocations
  2271 | D:3      | Reached skill level 1 in Short Blades
  2271 | D:3      | Reached skill level 1 in Long Blades
  2271 | D:3      | Reached skill level 1 in Axes
  2271 | D:3      | Reached skill level 1 in Polearms
  2271 | D:3      | Reached skill level 1 in Slings
  2271 | D:3      | Reached skill level 1 in Bows
  2271 | D:3      | Reached skill level 1 in Crossbows
  2271 | D:3      | Reached skill level 1 in Throwing
  2271 | D:3      | Reached skill level 1 in Dodging
  2271 | D:3      | Reached skill level 1 in Stealth
  2271 | D:3      | Reached skill level 1 in Unarmed Combat
  2271 | D:3      | Reached skill level 1 in Spellcasting
  2529 | D:3      | Reached XP level 4. HP: 30/38 MP: 5/5
  2541 | D:3      | Reached skill level 1 in Conjurations
  2541 | D:3      | Reached skill level 1 in Hexes
  2541 | D:3      | Reached skill level 1 in Summonings
  2541 | D:3      | Reached skill level 1 in Necromancy
  2541 | D:3      | Reached skill level 1 in Translocations
  2541 | D:3      | Reached skill level 1 in Transmutations
  2541 | D:3      | Reached skill level 1 in Fire Magic
  2541 | D:3      | Reached skill level 1 in Ice Magic
  2541 | D:3      | Reached skill level 1 in Air Magic
  2541 | D:3      | Reached skill level 1 in Earth Magic
  2541 | D:3      | Reached skill level 1 in Poison Magic
  2744 | D:3      | Found a white marble altar of Elyvilon.
  2839 | D:4      | Reached XP level 5. HP: 26/43 MP: 5/7
  3102 | D:4      | Noticed Blork the orc
  3113 | D:5      | Entered Level 5 of the Dungeon
  3151 | D:5      | Reached XP level 6. HP: 28/50 MP: 8/8
  3325 | D:5      | Found a shimmering altar of Xom.
  3368 | D:5      | Reached skill level 5 in Fighting
  3368 | D:5      | Reached skill level 5 in Maces & Flails
  3368 | D:5      | Reached skill level 5 in Staves
  3368 | D:5      | Reached skill level 5 in Armour
  3541 | D:5      | Reached ** piety under Yredelemnul
  4009 | D:5      | Noticed a necrophage
  4042 | D:5      | Killed a necrophage
  4043 | D:5      | Reached XP level 7. HP: 43/56 MP: 10/10
  4608 | D:4      | Killed Blork the orc
  4611 | D:4      | Reached XP level 8. HP: 19/63 MP: 12/12
  4895 | D:4      | Found a staircase to the Ecumenical Temple.
  4940 | D:4      | Your ally Blork died
  5597 | D:3      | Found a blossoming altar of Fedhas.
  5601 | D:3      | Found a sparkling altar of Nemelex Xobeh.
  5605 | D:3      | Found a broken altar of Ashenzari.
  7135 | D:6      | Reached XP level 9. HP: 66/69 MP: 14/14
  7269 | D:6      | Found a runed translucent door.
  7269 | D:6      | Noticed a two-headed ogre
  7270 | D:6      | Noticed PanSaczeczos's ghost (novice DrAK)
  7490 | D:6      | Reached skill level 5 in Shields
  7490 | D:6      | Reached skill level 5 in Evocations
  7506 | D:6      | Reached *** piety under Yredelemnul
  8074 | D:7      | Noticed a manticore
  8086 | D:7      | Killed a manticore
  8281 | D:7      | Reached skill level 5 in Invocations
  8733 | D:7      | Found an opulent altar of Gozag.
  8743 | D:7      | Found an ornate altar of the Wu Jian Council.
  8799 | D:7      | Found a glowing golden altar of the Shining One.
  9393 | D:7      | Reached XP level 10. HP: 44/67 MP: 17/17
  9604 | D:7      | Identified the ring of Hef Pisa {rC+ Will+ Int+3}
  9930 | D:7      | Reached skill level 5 in Short Blades
  9930 | D:7      | Reached skill level 5 in Long Blades
  9930 | D:7      | Reached skill level 5 in Axes
  9930 | D:7      | Reached skill level 5 in Polearms
  9930 | D:7      | Reached skill level 5 in Slings
  9930 | D:7      | Reached skill level 5 in Bows
  9930 | D:7      | Reached skill level 5 in Crossbows
  9930 | D:7      | Reached skill level 5 in Throwing
  9930 | D:7      | Reached skill level 5 in Dodging
  9930 | D:7      | Reached skill level 5 in Stealth
  9930 | D:7      | Reached skill level 5 in Unarmed Combat
  9930 | D:7      | Reached skill level 5 in Spellcasting
 10001 | D:7      | Found a basalt altar of Yredelemnul.
 10213 | D:7      | Noticed a +0 dagger
 10214 | D:7      | Noticed a +0 dagger
 10215 | D:7      | Noticed Prince Ribbit
 10218 | D:7      | Found a hide-covered altar of Uskayaw.
 10239 | D:7      | Killed Prince Ribbit
 10432 | D:8      | Reached **** piety under Yredelemnul
 10679 | D:8      | Received a gift from Yredelemnul (a mummy)
 11822 | D:9      | Found a flagged portal.
 12399 | D:10     | Entered Level 10 of the Dungeon
 12527 | D:9      | Identified the +2 helmet "Esifuf" {rElec rCorr Slay+2}
 12611 | D:10     | Noticed a kobold demonologist
 12613 | D:10     | Noticed a sixfirhy
 12639 | D:10     | Noticed a sixfirhy
 12719 | D:10     | Killed a kobold demonologist
 12784 | D:10     | Found a staircase to the Orcish Mines.
 13131 | D:10     | Found a burning altar of Makhleb.
 13203 | D:10     | Noticed Josephine
 13230 | D:10     | Killed from afar by Josephine

Illustrated notes

Levels and vault maps discovered:
D:1:      lightli_arrival_chessboard, layout_loops_ring, serial_shops,
          nicolae_shop_crystal
D:2:      layout_basic, hellmonk_ecumenical_altar_inner_sanctum,
          roderic_serpentine_path
D:3:      layout_basic, mainiacjoe_overflow_cross_hatched,
          grunt_temple_overflow_diamond
D:4:      layout_rooms, temple_doors_e, corner_web_ring, grunt_decor_arrowhead,
          uniq_blork_the_orc
D:5:      layout_rooms, mainiacjoe_overflow_24_doors, serial_undead,
          serial_undead_f, serial_undead_c, serial_undead_f, serial_undead_a,
          serial_undead_e, serial_undead_b
D:6:      layout_loops_ring, ebering_ghost_inner_flame
D:7:      layout_layer_cave, tso_altar, mainiacjoe_overflow_tiny_flanked,
          dancing_weapons_uskayaw, mainiacjoe_overflow_surrounded_room,
          mainiacjoe_overflow_boulevard, serial_glass, glass_columns_a,
          glass_columns_a, glass_columns_c, glass_columns_c, glass_columns_a,
          glass_columns_b, minmay_strange_pillars, item_on_display_a,
          lightli_orcish_oven, uniq_prince_ribbit1
D:8:      layout_gridville
D:9:      layout_roguey, enter_bailey_3
D:10:     layout_basic, nicolae_overflow_crystal_walls,
          mainiacjoe_overflow_catwalk, lemuel_round_altar, orc_david_3,
          grunt_decor_resistance, nicolae_lava_and_water, uniq_josephine

Skill      XL: |  1  2  3  4  5  6  7  8  9 10 |
---------------+-------------------------------+-----
Invocations    | 1 2 3 4 5 6 |  6.3
Short Blades   | 1 2 3 4 5 |  5.8
Long Blades    | 1 2 3 4 5 |  5.8
Axes           | 1 2 3 4 5 |  5.8
Polearms       | 1 2 3 4 5 |  5.8
Slings         | 1 2 3 4 5 |  5.8
Bows           | 1 2 3 4 5 |  5.8
Crossbows      | 1 2 3 4 5 |  5.8
Throwing       | 1 2 3 4 5 |  5.8
Dodging        | 1 2 3 4 5 |  5.8
Stealth        | 1 2 3 4 5 |  5.8
Unarmed Combat | 1 2 3 4 5 |  5.8
Spellcasting   | 1 2 3 4 5 |  5.8
Conjurations   | 1 2 3 4 |  4.7
Hexes          | 1 2 3 4 |  4.7
Summonings     | 1 2 3 4 |  4.7
Necromancy     | 1 2 3 4 |  4.7
Translocations | 1 2 3 4 |  4.7
Transmutations | 1 2 3 4 |  4.7
Fire Magic     | 1 2 3 4 |  4.7
Ice Magic      | 1 2 3 4 |  4.7
Air Magic      | 1 2 3 4 |  4.7
Earth Magic    | 1 2 3 4 |  4.7
Poison Magic   | 1 2 3 4 |  4.7
Shields        | 3 4 5 6 |  6.4
Evocations     | 3 4 5 6 |  6.4
Fighting       | 5 6 7 |  7.4
Maces & Flails | 5 6 7 |  7.4
Staves         | 5 6 7 |  7.4
Armour         | 5 6 7 |  7.4

Action                   |  1- 3 |  4- 6 |  7- 9 | 10-12 || total
-------------------------+-------+-------+-------+-------++-------
Melee: Dagger            |    48 |       |       |       ||    48
       Bite              |    22 |    24 |    61 |    32 ||   139
       Whip              |   131 |   196 |   697 |   334 ||  1358
Throw: Dart              |     6 |    11 |    54 |       ||    71
       Boomerang         |       |     1 |       |       ||     1
Invok: Animate Remains   |       |     3 |     6 |       ||     9
       Recall Undead Sla |       |     1 |       |       ||     1
       Animate Dead      |       |       |     5 |    11 ||    16
Evoke: Wand              |       |       |     3 |     3 ||     6
  Use: Scroll            |       |     4 |     6 |       ||    10
       Potion            |       |     4 |     1 |       ||     5
 Stab: Sleeping          |       |       |     2 |     2 ||     4
       Distracted        |       |       |       |     2 ||     2
Armor: Ring mail         |    73 |    74 |   179 |    73 ||   399
       Skin              |       |     2 |    14 |       ||    16
Dodge: Dodged            |    42 |    86 |   296 |   205 ||   629
Block: Kite shield       |    55 |    96 |    98 |       ||   249
       Buckler           |       |       |    75 |    61 ||   136
